cohdb
Replays
Latest Replays
All Replays
Popular Replays
Top Player Replays
Match Explorer
How It Works
Community
CoH3 Stats
Reddit
Sign in to upload your games and track your stats! →
Sign in with Steam
Match 41118000
Unlisted
Match 41118000
Overview
Messages
Build Orders
End
Construct Section Command Post
Vickers Machine Gun Team
Selects Canadian Shock Battlegroup
Infantry Section
ML 3-inch Mortar Team
Selects Incendiary Munitions
Construct Field Infirmary
Grenade Package
Infantry Section
Selects Attacking Spirit
Selects Canadian Shock Section
Canadian Shock Section
Construct Platoon Command Post
Selects Pyrotechnics
6-pounder Anti-tank Gun Team
6-pounder Anti-tank Gun Team
Selects Churchill Crocodile Heavy Tank
Churchill Crocodile Heavy Tank
KHADY93
Genki
Sweet T
TraditionalHater
0
0
Comments
sign in to comment!
No comments posted yet!